Match 28992243
Unlisted

Match 28992243
End
Selects Luftwaffe Battlegroup
Selects Luftwaffe Pioneer Support
Fallschirmpioneer Squad Paradrop
Construct Infanterie Kompanie
MG 42 Machine Gun Team
Fallschirmpioneer Squad Paradrop
MG 42 Machine Gun Team
Construct Panzergrenadier Kompanie
Selects Stuka Strafing Run
251 Medium Carrier
Stuka Strafing Run
Infanterie Officer Quarters
Selects Fallschirmjäger Squad Paradrop
Fallschirmjäger Squad Paradrop
Fallschirmpioneer Squad Paradrop
Stuka Strafing Run
Panzergrenadier Officer Quarters
Support Elements
Stuka Strafing Run
Fallschirmjäger Squad Paradrop
Stuka Strafing Run
StuG III G Assault Gun
Selects Stuka Loiter
Stuka Strafing Run
Pak 40 Anti-tank Gun Team
Selects LG40 Recoilless Gun Paradrop
Fallschirmjäger Squad Paradrop
Stuka Strafing Run
StuG III G Assault Gun
Stuka Strafing Run
Selects Flak 36 Anti-tank Gun Emplacement
Stuka Strafing Run
Stuka Strafing Run
TodesApostel
Sostruppen
Nukepapa
Satoshi
0
0

Comments sign in to comment!

No comments posted yet!